 Dungeon Crawl Stone Soup version 0.27-a0-1158-gaa87e14f67 (webtiles) character file.

Game seed: 18192998201855032773

1858 AtomicRavioli the Insei (level 8, -3/56 HPs)
             Began as a Demonspawn Transmuter on May 15, 2021.
             Killed from afar by a steam dragon (20 damage)
             ... with a ball of steam
             ... on level 7 of the Dungeon.
             The game lasted 00:16:38 (10353 turns).

AtomicRavioli the Insei (Demonspawn Transmuter)    Turns: 10353, Time: 00:16:40

Health: -3/56      AC: -2    Str: 16    XL:     8   Next: 89%
Magic:  11/15      EV: 24    Int: 16    God:
Gold:   373        SH:  0    Dex: 25    Spells: 7/17 levels left

rFire    . . .     SeeInvis .     - Unarmed
rCold    . . .     Faith    .   (shield currently unavailable)
rNeg     . . .     Spirit   .   (armour currently unavailable)
rPois    .         Reflect  .   (helmet currently unavailable)
rElec    .         Harm     .   (cloak currently unavailable)
rCorr    .         Rampage  .   (gloves currently unavailable)
Will     .....                  (boots currently unavailable)
Stlth    ++........             (no amulet)
HPRegen  0.18/turn              x - +6 ring of dexterity
MPRegen  0.14/turn              y - ring of Qitt {rPois Str+5}

@: spider-form (expiring), corroded, studying Axes
A: venomous fangs, tiny, (claws 1), repulsion field 1, powered by pain 1,
demonic magic 2
a: End Transformation


You were on level 7 of the Dungeon.
You were a venomous arachnid creature.
You visited 1 branch of the dungeon, and saw 7 of its levels.

You collected 373 gold pieces.

Inventory:

Missiles
 f - a throwing net
Armour
 a - a +0 helmet (melded)
 d - a +1 animal skin (melded)
 i - a +1 cloak of willpower (melded)
 k - a +0 pair of boots (melded)
Jewellery
 v - a ring of magical power
 x - a +6 ring of dexterity (left front leg)
 y - the ring of Qitt (right front leg) {rPois Str+5}
   (You found it on level 6 of the Dungeon)

   [ring of poison resistance]

   It affects your strength (+5).
   It protects you from poison.
Wands
 m - a wand of flame (7)
 o - a wand of charming (7)
 u - a wand of digging (7)
 A - a wand of acid (5)
 B - a wand of polymorph (7)
 C - a wand of iceblast (4)
Scrolls
 h - a scroll of blinking
 q - a scroll of fog {unknown}
 r - a scroll of vulnerability {unknown}
 s - 2 scrolls of magic mapping {unknown}
 t - a scroll of enchant armour
 w - a scroll of noise {unknown}
 z - a scroll of fear {unknown}
Potions
 b - a potion of heal wounds
 c - a potion of berserk rage {unknown}
 e - 5 potions of curing
 g - 2 potions of haste {unknown}
 j - a potion of flight {unknown}
 l - a potion of mutation {unknown}
 n - a potion of degeneration {unknown}
 p - 2 potions of ambrosia {unknown}


   Skills:
 + Level 2.3 Fighting
 + Level 3.8 Dodging
 - Level 1.5 Stealth
 + Level 7.5 Unarmed Combat
 + Level 5.1 Spellcasting
 + Level 4.6 Transmutations
 - Level 0.2 Poison Magic


You had 7 spell levels left.
You knew the following spells:

 Your Spells              Type           Power      Damage    Failure   Level
a - Beastly Appendage     Tmut           38%        N/A       9%          1
b - Wereblood             Tmut           19%        N/A       11%         2
c - Spider Form           Tmut/Pois      5%         N/A       36%         3
d - Ice Form              Ice/Tmut       11%        N/A       71%         4

Your spell library contained the following spells:

 Spells                   Type           Power      Damage    Failure   Level
 Hydra Form               Tmut           9%         N/A       73%         5


Dungeon Overview and Level Annotations

Branches:
Dungeon (7/15)
 Temple: D:4-7

Altars:
Ashenzari
Sif Muna
Trog

Shops:
D:4 *(:::

Annotations:
D:7 Dowan, Duvessa


Innate Abilities, Weirdness & Mutations

You are a venomous arachnid creature.
You have poisonous fangs.
You are tiny and dextrous.
Your spellcasting is less reliable in this form.
Your armour is entirely melded.
You are incapable of wielding weapons or throwing items.
((You have sharp fingernails.))
You are surrounded by a mild repulsion field. (EV +2)
You sometimes gain a little power by taking damage.
Spells you cast may paralyse nearby enemies.


Message History

The steam dragon closely misses you. The steam dragon completely misses you.
The centaur closely misses you. The centaur misses you.
You hit the steam dragon.
The steam dragon is lightly wounded.
The centaur completely misses you. The centaur kicks you.
The steam dragon breathes steam at you. The ball of steam misses you.
You hear a shout!
You hear a bellow!
Your magical contamination has completely faded away.
You hit the steam dragon but do no damage.
The steam dragon is poisoned.
The steam dragon is lightly wounded.
You are engulfed in a cloud of scalding steam.
The centaur closely misses you. x2; The steam dragon completely misses you.
The steam dragon misses you.
You hit the steam dragon but do no damage.
The steam dragon looks as sick as possible!
The steam dragon is lightly wounded.
You are engulfed in a cloud of scalding steam.
You kill the centaur!
The jelly is engulfed in a cloud of scalding steam.
The jelly misses you. The steam dragon breathes steam at you.
The ball of steam misses you.
You hear a bellow!
The jelly is engulfed in a cloud of scalding steam.
You hit the jelly.
The jelly is poisoned.
The acid corrodes you!
Your front legs burn!
The jelly is almost dead.
You kill the jelly!
The steam dragon closely misses you. The steam dragon claws you.
You hit the steam dragon.
The steam dragon looks as sick as possible!
The steam dragon is heavily wounded.
The steam dragon misses you. The steam dragon closely misses you.
You hit the steam dragon.
The steam dragon is severely wounded.
The steam dragon breathes steam at you. The ball of steam hits you!!
You die...

#....... ##...
...... ###......
......###.#......
.......#.........
....#.....#......
.........##......
......÷<†.)......
...#..§..D.......
#....s#§......
#..............
#...............
##..(...........
#..............
#............^..
#................
#.........).>...


You could see a steam dragon (extremely poisoned, catching breath).

Vanquished Creatures
  A sky beast (D:5)
  An ice beast (D:6)
  An ogre (D:6)
  A phantom (D:6)
  5 centaurs
  2 bullfrogs
  2 scorpions
  A water moccasin zombie (D:6)
  A wyvern skeleton (D:6)
  3 howler monkeys
  2 bullfrog zombies
  2 hounds (D:5)
  2 centaur skeletons (D:6)
  An orc priest (D:6)
  Crazy Yiuf (D:2)
  A bullfrog skeleton (D:4)
  A jelly (D:7)
  Ijyb (D:3)
  Terence (D:3)
  2 iguanas (D:6)
  Natasha (thrice) (D:2)
  A killer bee zombie (D:5)
  Robin (D:1)
  3 adders
  3 gnolls (D:4)
  2 white imps
  2 adder skeletons
  A worm (D:5)
  4 dart slugs
  9 orcs
  4 endoplasms
  3 giant cockroaches
  16 goblins
  6 hobgoblins
  4 jackals
  A quokka (D:1)
  5 ball pythons
  3 bats
  2 frilled lizards
  6 kobolds
  7 rats
  2 toadstools (D:1)
120 creatures vanquished.

Vanquished Creatures (others)
  17 fungi (D:6)
  2 toadstools (D:1)
19 creatures vanquished.

Grand Total: 139 creatures vanquished

Notes
Turn   | Place    | Note
-------+----------+-------------------------------------------
     0 | D:1      | AtomicRavioli the Demonspawn Transmuter began the quest for
                  | the Orb.
     0 | D:1      | Reached XP level 1. HP: 15/15 MP: 3/3
   409 | D:1      | Reached skill level 3 in Unarmed Combat
   427 | D:1      | Gained mutation: Spells you cast may paralyse adjacent
                  | enemies. [demonic ancestry]
   427 | D:1      | Reached XP level 2. HP: 21/21 MP: 3/5
   940 | D:2      | Noticed Robin
  1139 | D:1      | Killed Robin
  1140 | D:1      | Gained mutation: You sometimes gain a little power by
                  | taking damage. [demonic ancestry]
  1140 | D:1      | Reached XP level 3. HP: 14/26 MP: 4/6
  1319 | D:1      | Reached skill level 1 in Stealth
  1840 | D:2      | Learned a level 2 spell: Wereblood
  1844 | D:2      | Learned a level 3 spell: Spider Form
  2275 | D:2      | Noticed Natasha
  2283 | D:2      | Killed Natasha
  2284 | D:2      | Reached XP level 4. HP: 31/32 MP: 3/8
  2615 | D:2      | Found a faded altar of an unknown god.
  3028 | D:2      | Found a runed translucent door.
  3029 | D:2      | Noticed Crazy Yiuf
  3251 | D:2      | Noticed Natasha
  3261 | D:2      | Killed Natasha
  3518 | D:2      | Killed Crazy Yiuf
  3519 | D:2      | Gained mutation: You have sharp fingernails. [demonic
                  | ancestry]
  3519 | D:2      | Reached XP level 5. HP: 11/37 MP: 5/9
  3999 | D:2      | Noticed Natasha
  4008 | D:2      | Killed Natasha
  4276 | D:3      | Found a broken altar of Ashenzari.
  4279 | D:3      | Found a shimmering blue altar of Sif Muna.
  4331 | D:3      | Noticed Ijyb
  4372 | D:3      | Killed Ijyb
  4373 | D:3      | Reached skill level 4 in Unarmed Combat
  4424 | D:3      | Learned a level 4 spell: Ice Form
  5063 | D:3      | Noticed Terence
  5078 | D:3      | Killed Terence
  5717 | D:4      | Found a bloodstained altar of Trog.
  5721 | D:4      | Found Joegarph's Book Emporium.
  5798 | D:4      | Reached XP level 6. HP: 37/43 MP: 10/10
  5911 | D:4      | Found Ytrarr's Book Shoppe.
  6513 | D:4      | Found Tadd's Antique Weapon Shop.
  6843 | D:4      | Found Pinkijug's Book Shop.
  7034 | D:4      | Found Neah Meu's General Store.
  7099 | D:5      | Entered Level 5 of the Dungeon
  7325 | D:5      | Noticed a sky beast
  7340 | D:5      | Killed a sky beast
  7341 | D:5      | Reached skill level 5 in Unarmed Combat
  7341 | D:5      | Gained mutation: Spells you cast may paralyse nearby
                  | enemies. [demonic ancestry]
  7341 | D:5      | Reached XP level 7. HP: 33/49 MP: 12/12
  8975 | D:6      | Reached skill level 6 in Unarmed Combat
  8975 | D:6      | Gained mutation: You are surrounded by a mild repulsion
                  | field. (EV +2) [demonic ancestry]
  8975 | D:6      | Reached XP level 8. HP: 50/56 MP: 11/14
  8987 | D:6      | Identified the ring of Qitt {rPois Str+5}
  9251 | D:6      | Reached skill level 7 in Unarmed Combat
  9387 | D:6      | Reached skill level 5 in Spellcasting
  9847 | D:7      | Noticed Duvessa
  9848 | D:7      | Noticed Dowan
 10353 | D:7      | Killed from afar by a steam dragon

Illustrated notes

Levels and vault maps discovered:
D:1:      ldierk_water_garden, layout_loops_ring
D:2:      layout_loops_corners, ebering_ecumenical_altar_hall,
          kennysheep_potato, uniq_robin, uniq_crazy_yiuf_cottage, uniq_natasha
D:3:      kennysheep_the_goblin_king, layout_basic,
          chequers_temple_overflow_statue_of_worship, uniq_terence
D:4:      layout_loops_ring, overflow_temple_1_default, serial_shops, shop,
          nicolae_shop_stone, shop_coins, nicolae_shop_trees, shop_statue,
          hangedman_decor_points, minmay_manual_mares
D:5:      layout_layer_cave, enter_ossuary_1
D:6:      minmay_chambers_of_threes, layout_loops_cross,
          minmay_temple_entry_poolview, serial_aquarium,
          aquarium_bridge_straight [aquarium_subvault_bridge,
          aquarium_subvault_window, aquarium_subvault_bridge,
          aquarium_subvault_window], aquarium_bridge_square
          [aquarium_subvault_bridge, aquarium_subvault_window,
          aquarium_subvault_window, aquarium_subvault_wall],
          aquarium_window_fake, aquarium_window_corner,
          aquarium_window_corridor_1, aquarium_window_fake, aquarium_view_2d,
          aquarium_view_2a, aquarium_balcony_3b, chequers_serial_rivers_micro_d,
          roderic_cross_of_infinity, minmay_misc_feat_doors, uniq_blork_the_orc
D:7:      layout_cave_pools, uniq_duvessa

Skill      XL: |  1  2  3  4  5  6  7  8 |
---------------+-------------------------+-----
Unarmed Combat | 3 4 5 6 7 |  7.5
Dodging        | 2 3 |  3.8
Transmutations | 2 3 4 |  4.6
Stealth        | 1 |  1.5
Spellcasting   | 3 4 5 |  5.1
Fighting       | 2 |  2.3
Poison Magic   | |  0.2

Action                   |  1- 3 |  4- 6 |  7- 9 || total
-------------------------+-------+-------+-------++-------
Melee: Unarmed           |   106 |   150 |   144 ||   400
       Kick              |     9 |    22 |    26 ||    57
       Headbutt          |    10 |    12 |    13 ||    35
       Punch             |       |     5 |       ||     5
 Cast: Beastly Appendage |    18 |    18 |    16 ||    52
       Spider Form       |     2 |     2 |     8 ||    12
       Wereblood         |       |     3 |     3 ||     6
  Use: Scroll            |     1 |     4 |     1 ||     6
       Potion            |       |       |     1 ||     1
 Stab: Paralysed         |    11 |     6 |    13 ||    30
       Sleeping          |     1 |     2 |       ||     3
Armor: Robe              |     9 |       |       ||     9
       Animal skin       |    15 |    33 |    32 ||    80
       Skin              |     1 |       |       ||     1
Dodge: Dodged            |    60 |    74 |   117 ||   251

Table legend: (Time is in decaauts)
 A = Elapsed time spent in this place.
 B = Non-inter-level travel time spent in this place.
 C = Inter-level travel time spent in this place.
 D = Time resting spent in this place.
 E = Time spent auto-exploring this place.
 F = Levels seen in this place.
 G = Mean time per level.
                   A        B        C        D        E       F      G
               +--------+--------+--------+--------+--------+-----+--------+
         Total |  10329 |   9871 |    458 |   2949 |   5459 |   7 | 1475.6 |
       Dungeon |  10329 |   9871 |    458 |   2949 |   5459 |   7 | 1475.6 |
               +--------+--------+--------+--------+--------+-----+--------+

Top non-repeatable levels by time:
     D:2: 2529 daAuts
     D:3: 1872 daAuts
     D:6: 1664 daAuts
     D:1: 1653 daAuts
     D:5: 1495 daAuts
     D:4: 1035 daAuts
     D:7: 78 daAuts
